 Dungeon Crawl Stone Soup version 0.21.1-1-g345015fe64 (webtiles) character file.

242 Jyngge the Chopper (level 5, -1/47 HPs)
             Began as a Minotaur Fighter on June 24, 2018.
             Slain by an ogre
             ... wielding a +0 giant club
              (4 damage)
             ... on level 4 of the Dungeon.
             The game lasted 00:04:21 (1489 turns).

Jyngge the Chopper (Minotaur Fighter)               Turns: 1489, Time: 00:04:22

Health: -1/47      AC:  7    Str: 21    XL:     5   Next: 81%
Magic:  4/4        EV:  8    Int:  5    God:
Gold:   78         SH:  9    Dex: 10    Spells: 4/4 levels left

rFire    . . .     SeeInvis .   a - +0 war axe
rCold    . . .     Gourm    .   c - +0 shield
rNeg     . . .     Faith    .   b - +0 scale mail
rPois    .         Spirit   .   (helmet restricted)
rElec    .         Reflect  .   (no cloak)
rCorr    .         Harm     .   (no gloves)
MR       .....                  (no boots)
Stlth    ..........             (no amulet)
HPRegen  0.15/turn              (no ring)
MPRegen  0.09/turn              (no ring)

@: lethally poisoned (-1 -> -8)
A: retaliatory headbutt, horns 2
a: no special abilities


You were on level 4 of the Dungeon.
You were not hungry.

You visited 1 branch of the dungeon, and saw 4 of its levels.

You collected 78 gold pieces.

Inventory:

Hand Weapons
 a - a +0 war axe (weapon)
Armour
 b - a +0 scale mail (worn)
 c - a +0 shield (worn)
Jewellery
 l - a cursed ring of loudness {unknown}
 n - an uncursed ring of wizardry {unknown}
 p - a cursed ring of loudness {unknown}
Scrolls
 g - a scroll of fog {unknown}
 j - 7 scrolls of identify {unknown}
 k - 2 scrolls of teleportation {unknown}
 q - a scroll of immolation {unknown}
Potions
 d - a potion of might
 e - a potion of curing {unknown}
 i - a potion of lignification {unknown}
 m - a potion of heal wounds {unknown}
 o - a potion of ambrosia {unknown}
Comestibles
 f - 11 rations
 h - 4 chunks of flesh


   Skills:
 + Level 4.8 Fighting
 + Level 5.0 Axes
 + Level 4.7 Armour
 + Level 1.1 Dodging
 + Level 4.5 Shields


You had 4 spell levels left.
You didn't know any spells.

Dungeon Overview and Level Annotations

Branches:
Dungeon (4/15)
 Temple: D:4-7

Altars:


Innate Abilities, Weirdness & Mutations

You reflexively headbutt those who attack you in melee.
You have a pair of horns on your head.


Message History

You feel sick. The adder bites you.
* * * LOW HITPOINT WARNING * * *
You are lethally poisoned!
The adder poisons you! You block the howler monkey's attack.
The adder barely misses you. You block the howler monkey's attack.
You miss the adder. Your headbutt misses the adder. You hit the ogre.
Your shield and scale mail prevent you from hitting the howler monkey.
* * * LOW HITPOINT WARNING * * *
You feel sick. You block the adder's attack.
You block the howler monkey's attack. The ogre misses you.
You block the adder's attack.
The howler monkey hoots and howls with incredible vigour!
You hit the adder.
The adder is heavily wounded.
You hit the ogre. You barely miss the howler monkey. You slash the ogre!
* * * LOW HITPOINT WARNING * * *
You feel sick. The adder bites you.
* * * LOW HITPOINT WARNING * * *
The ogre hits you with a giant club.
You die...

.... .[. ...<.
..# #... ... .#
#....#.# .#
#....#.# ..#
##....#.# ..#
......Oh##..####
......†@O.......
.......S%....###
....>....#.#.#
##.#...<.).# #
........?#.#
##.#.....#.#
.......... .
.......>####.
##.#..#.# .#


You could see 2 ogres, a howler monkey and an adder.

Vanquished Creatures
  A howler monkey (D:4)
  A hound (D:4)
  2 worker ants
  6 adders
  An ooze (D:1)
  2 worms (D:2)
  3 dart slugs
  A leopard gecko (D:3)
  2 orcs
  A giant cockroach (D:1)
  2 goblins (D:2)
  6 hobgoblins
  6 jackals
  5 kobolds
  2 quokkas
  2 ball pythons
  6 bats
  6 frilled lizards
  6 rats
61 creatures vanquished.

Notes
Turn   | Place    | Note
-------+----------+-------------------------------------------
     0 | D:1      | Jyngge the Minotaur Fighter began the quest for the Orb.
     0 | D:1      | Reached XP level 1. HP: 19/19 MP: 0/0
   137 | D:1      | Reached XP level 2. HP: 26/27 MP: 1/1
   520 | D:2      | Reached XP level 3. HP: 24/33 MP: 2/2
   520 | D:2      | Reached skill level 3 in Axes
   850 | D:2      | Reached XP level 4. HP: 37/41 MP: 3/3
  1056 | D:2      | Reached skill level 4 in Axes
  1324 | D:3      | Reached XP level 5. HP: 37/47 MP: 4/4
  1473 | D:4      | Reached skill level 1 in Dodging
  1480 | D:4      | Reached skill level 5 in Axes
  1483 | D:4      | Noticed an ogre
  1485 | D:4      | Noticed an ogre
  1489 | D:4      | Slain by an ogre

Skill      XL: |  1  2  3  4  5 |
---------------+----------------+-----
Fighting       | 4 |  4.8
Armour         | 4 |  4.7
Axes           | 3 4 5 |  5.0
Shields        | 4 |  4.5
Dodging        | 1 |  1.1

Action                   |  1- 3 |  4- 6 || total
-------------------------+-------+-------++-------
Melee: War axe           |    85 |    90 ||   175
       Headbutt          |    10 |     8 ||    18
  Eat: Chunk             |       |     2 ||     2
Armor: Scale mail        |    44 |    31 ||    75
Dodge: Dodged            |    35 |    27 ||    62
Block: Shield            |    54 |    60 ||   114
